 Dungeon Crawl Stone Soup version 0.20-a0-61-ga1b20b4 (webtiles) character file.

62 FrankyJ the Skirmisher (level 3, -1/30 HPs)
             Began as a Demonspawn Monk on Nov 17, 2016.
             Slain by a gnoll
             ... wielding a +0 halberd
              (17 damage)
             ... on level 2 of the Dungeon.
             The game lasted 00:05:16 (2259 turns).

FrankyJ the Skirmisher (Demonspawn Monk)            Turns: 2259, Time: 00:05:16

Health: -1/30      AC:  3    Str: 12    XL:     3   Next: 85%
Magic:  3/3        EV: 13    Int: 11    God:
Gold:   42         SH:  0    Dex: 15    Spells: 0 memorised, 2 levels left

rFire  . . .     SeeInvis .     a - +0 spear
rCold  . . .     Gourm    .     b - +0 robe
rNeg   . . .     Faith    .     (no shield)
rPois  .         Spirit   .     (helmet restricted)
rElec  .         Reflect  .     (no cloak)
rCorr  .         Harm     .     (no gloves)
MR     .....                    h - +0 pair of boots
Stlth  ++........               (no amulet)
                                (no ring)
                                (no ring)

@: no status effects
A: antennae 2
a: no special abilities


You were on level 2 of the Dungeon.
You were not hungry.

You visited 1 branch of the dungeon, and saw 2 of its levels.

You collected 42 gold pieces.

Inventory:

Hand Weapons
 a - a +0 spear (weapon)
Missiles
 f - 2 javelins (quivered)
Armour
 b - a +0 robe (worn)
 h - a +0 pair of boots (worn)
 l - a cursed +0 shield
Jewellery
 n - an uncursed ring of stealth
Scrolls
 g - 2 scrolls of magic mapping {unknown}
 k - 2 scrolls of enchant armour {unknown}
 p - a scroll of fear {unknown}
Potions
 d - a potion of agility {unknown}
 e - a potion of curing {unknown}
 i - a potion of brilliance {unknown}
 m - 2 potions of haste {unknown}
 o - a potion of invisibility {unknown}
Comestibles
 c - 2 bread rations
 j - a meat ration


   Skills:
 + Level 3.9 Fighting
 + Level 3.1 Polearms
 + Level 0.6 Armour
 - Level 3.1 Dodging
 - Level 1.7 Stealth
 + Level 0.5 Shields


You had 2 spell levels left.
You didn't know any spells.

Dungeon Overview and Level Annotations

Branches:
Dungeon (2/15)

Altars:
Hepliaklqana
The Shining One


Innate Abilities, Weirdness & Mutations

You have a pair of antennae on your head.


Message History

The gnoll closely misses you.
Attack whom?
Press: ? - help, Dir - move target cursor, f/p - gnoll
Aim: a gnoll, wielding a halberd (moderately wounded)
You reach to attack!
You hit the gnoll but do no damage.
The gnoll is moderately wounded.
The gnoll hits you from afar with a halberd!
Attack whom?
Press: ? - help, Dir - move target cursor, f/p - gnoll
Aim: a gnoll, wielding a halberd (moderately wounded)
You reach to attack!
You hit the gnoll.
The gnoll is moderately wounded.
Attack whom?
Press: ? - help, Dir - move target cursor, f/p - gnoll
Aim: a gnoll, wielding a halberd (moderately wounded)
You reach to attack!
You hit the gnoll but do no damage.
The gnoll is moderately wounded.
The gnoll hits you from afar with a halberd!
Ouch! That really hurt!
You die...

.....♣#...#.♣###.#
#........... P♣♣......§..♣#
#.# #######.....
.P♣♣P♣.)_).PP# #.# #.....
.♣♣.....g...P###.# #.....
♣..P..#...#P♣P##.# ###...
♣.♣.♣.......♣.##.# #...
♣.♣.P8..#.Pg.Pg..# ###.
P..♣........P♣♣..# #.
P♣♣.♣....P..♣P.#@# #.
.♣P.♣P.....P♣P.#.# #.
♣♣♣♣♣♣..♣..♣♣.♣#.# #.
§♣..P.P..♣.P.♣.#.# #######.
♣§§....♣P..P.♣...# #.......
§♣♣♣♣..PPP♣.♣###.# #.#####.
♣♣♣..♣♣.P♣P.P###.# #.# #r
P♣♣♣P..♣♣♣♣♣P#.#.# #.# #g
§♣P..♣.P[♣...P.).#########.#
#.


You could see a gnoll.

Vanquished Creatures
  2 gnolls (D:2)
  An adder (D:2)
  6 bats
  2 giant cockroaches (D:1)
  4 hobgoblins
  4 quokkas (D:2)
  A ball python (D:1)
  8 frilled lizards
  A goblin (D:1)
  4 kobolds (D:1)
  3 rats
  A plant (D:2)
37 creatures vanquished.

Vanquished Creatures (others)
  2 plants (D:2)
2 creatures vanquished.

Grand Total: 39 creatures vanquished

Notes
Turn   | Place    | Note
-------+----------+-------------------------------------------
     0 | D:1      | FrankyJ the Demonspawn Monk began the quest for the Orb.
     0 | D:1      | Reached XP level 1. HP: 18/18 MP: 1/1
   222 | D:1      | Gained mutation: You have a pair of small antennae on your head. [demonic ancestry]
   222 | D:1      | Reached XP level 2. HP: 19/24 MP: 2/2
  1347 | D:2      | Found a hazy altar of Hepliaklqana.
  1440 | D:2      | Gained mutation: You have a pair of antennae on your head. [demonic ancestry]
  1440 | D:2      | Reached XP level 3. HP: 16/29 MP: 3/3
  2098 | D:2      | Found a glowing golden altar of the Shining One.
  2259 | D:2      | Slain by a gnoll

Vault maps used:
D:1:      scummos_arrival_star, st_stairs_4
D:2:      wad_woods_stonehenge, marbit_many_paths

Skill      XL: |  1  2 |
---------------+-------+-----
Dodging        | 3 |  3.1
Polearms       | 3 |  3.1
Fighting       | |  3.9
Armour         | |  0.6
Stealth        | |  1.7
Shields        | |  0.5

Action                   || total
-------------------------++-------
Melee: Spear             ||   179
  Use: Scroll            ||     1
 Stab: Sleeping          ||     4
  Eat: Chunk             ||     4
Armor: Robe              ||    32
Dodge: Dodged            ||   118
